Map: Automaton LE

Players

ObbFlyQty

  • Race: Terran Terran
  • League: Master
  • Spawn Location: 9:00

lIlIlIlIlIlI - Winner!

  • Race: Zerg Zerg
  • League: Master
  • Spawn Location: 3:00

VOD

Have the link to the VOD?

Description

Time

  • Played on: Nov. 21, 2018, 4:15 p.m.
  • Length: 18:14
Show
View Real Time Build Order
Export as new Build Order

ObbFlyQty Terran 

Build Orders: Liberator Opening, Reaper Expand 

Get SALT Encoding   

  12  0:00  SCV  
  13  0:13  SCV  
  14  0:18  Supply Depot  
  14  0:25  SCV  
  15  0:39  SCV  
  15  0:41  Barracks  
  16  0:45  Refinery  
  16  0:51  SCV  
  17  1:04  SCV  
  18  1:16  SCV  
  19  1:29  Orbital Command  
  19  1:31  Reaper  
  20  1:42  Command Center  
  20  1:56  SCV  
  20  1:57  Supply Depot  
  21  2:02  Marine  
  22  2:08  SCV  
  23  2:21  Factory, SCV, Refinery  
  24  2:25  Barracks Reactor  
  24  2:33  SCV  
  25  2:45  SCV  
  26  2:57  SCV  
  27  3:00  Orbital Command  
  27  3:09  Starport, SCV  
  32  3:12  Hellion  
  32  3:13  Hellion  
  32  3:14  Barracks Reactor  
  32  3:21  SCV  
  33  3:27  SCV  
  33  3:33  SCV, Supply Depot  
  39  3:34  Hellion x2  
  39  3:39  SCV  
  40  3:44  Liberator  
  40  3:45  Liberator, SCV  
  41  3:51  SCV  
  42  3:57  SCV  
  48  4:03  SCV  
  48  4:05  Hellion x2  
  48  4:09  SCV  
  54  4:14  Supply Depot  
  54  4:22  Armory  
  54  4:30  Command Center  
  54  4:35  SCV x2  
  54  4:37  Barracks Tech Lab  
  56  4:40  Supply Depot  
  56  4:47  SCV x2  
  58  4:57  Factory Tech Lab  
  58  4:59  SCV x2  
  60  5:01  Barracks  
  60  5:04  Barracks  
  60  5:05  Starport Reactor  
  60  5:11  Stimpack, SCV x2  
  60  5:13  Marine  
  62  5:15  Engineering Bay  
  62  5:16  Engineering Bay  
  62  5:21  Siege Tank  
  62  5:24  SCV x2  
  62  5:25  Bunker  
  63  5:36  SCV x2  
  63  5:40  Bunker  
  62  5:48  SCV x2  
  51  5:59  Marine x3  
  51  6:00  SCV x2, Refinery x2  
  51  6:01  Marine x2, Siege Tank  
  51  6:02  Medivac  
  63  6:12  SCV x2  
  63  6:17  Marine x2  
  63  6:18  Marine, Barracks  
  67  6:19  Marine  
  67  6:22  Barracks  
  67  6:24  SCV  
  67  6:25  Supply Depot  
  70  6:30  Supply Depot  
  70  6:32  Supply Depot  
  70  6:36  Marine x2, SCV, Terran Infantry Weapons Level 1  
  70  6:39  Terran Infantry Armor Level 1  
  73  6:45  Orbital Command  
  73  6:48  Marine x2  
  73  6:51  SCV  
  73  6:52  SCV  
  77  6:54  Marine  
  77  6:59  Marine, Supply Depot  
  79  7:03  SCV  
  79  7:05  Medivac x2  
  79  7:06  Barracks Reactor  
  84  7:08  Barracks Reactor  
  84  7:09  Marine, Orbital Command  
  84  7:11  SCV  
  86  7:16  SCV, Marine  
  88  7:23  Marine, SCV  
  88  7:27  Marine x2  
  88  7:28  Siege Tank  
  95  7:31  Marine  
  95  7:33  SCV, Armory  
  95  7:35  SCV  
  98  7:38  SCV  
  98  7:42  Marine  
  98  7:43  Marine  
  98  7:44  Marine x2  
  102  7:45  Marine, SCV  
  102  7:46  Supply Depot  
  102  7:47  SCV, Combat Shield  
  102  7:48  Supply Depot  
  106  7:53  SCV, Marine x2  
  106  7:57  Armory  
  109  8:03  Supply Depot  
  109  8:06  SCV x2  
  109  8:08  Supply Depot  
  109  8:11  Marine x5  
  116  8:15  Marine x3  
  116  8:16  Siege Tank  
  119  8:21  Marine  
  119  8:22  SCV  
  121  8:28  SCV x2  
  121  8:29  Marine x3  
  121  8:30  Refinery  
  121  8:31  Refinery  
  126  8:34  SCV  
  126  8:37  Command Center  
  126  8:40  Supply Depot  
  127  8:41  SCV x2  
  127  8:42  Marine  
  127  8:43  Marine  
  127  8:47  Marine x4  
  135  8:51  Marine x3  
  135  8:52  Siege Tank  
  135  8:53  SCV  
  141  8:59  Factory, Terran Infantry Weapons Level 2, Terran Infantry Armor Level 2  
  141  9:00  Terran Vehicle Weapons Level 1, Marine x2  
  141  9:02  SCV  
  144  9:04  Marine, Terran Vehicle And Ship Armor Level 1  
  144  9:05  Marine  
  144  9:06  Supply Depot  
  144  9:09  Marine  
  147  9:11  Marine  
  148  9:19  Marine x2  
  148  9:20  Marine x2  
  152  9:27  Marine x2  
  153  9:34  Marine x2  
  153  9:37  Barracks  
  153  9:38  Barracks  
  146  9:41  Barracks  
  146  9:47  SCV, Marine x2  
  146  9:48  Marine, Siege Tank  
  146  9:49  Liberator  
  146  9:50  Liberator  
  146  9:51  Factory Tech Lab  
  151  9:53  Supply Depot  
  151  9:56  Supply Depot  
  151  10:01  Marine  
  151  10:05  Marine x2  
  151  10:06  Marine, Supply Depot  
  153  10:10  Supply Depot  
  153  10:11  Supply Depot  
  156  10:15  Marine x3  
  156  10:20  Cyclone  
  162  10:23  SCV, Planetary Fortress  
  162  10:25  Barracks Tech Lab x2, SCV  
  164  10:33  Marauder  
  164  10:34  Barracks Tech Lab  
  164  10:35  SCV x2  
  166  10:38  Marine x2  
  166  10:42  Sensor Tower  
  168  10:48  Marine  
  168  10:49  Marauder x2  
  173  10:50  Concussive Shells  
  173  10:55  Marauder  
  175  10:59  Marine x2  
  175  11:00  Marauder  
  179  11:06  Marine x2  
  179  11:07  Siege Tank  
  179  11:09  Siege Tank  
  179  11:11  Marauder x2  
  190  11:16  Marauder  
  190  11:17  Marine x2  
  190  11:22  Liberator  
  190  11:26  Marine x2  
  190  11:28  Marauder  
  190  11:31  Supply Depot  
  190  11:32  Marauder  
  193  11:38  Marauder, Marine  
  193  11:39  Marauder  
  198  11:41  Terran Vehicle Weapons Level 2  
  198  11:42  Terran Infantry Armor Level 3, Terran Infantry Weapons Level 3  
  198  11:45  Refinery  
  198  11:46  Refinery  
  198  11:48  Command Center  
  198  11:49  Command Center  
  198  12:02  Marauder, Terran Vehicle And Ship Armor Level 2  
  198  12:05  Starport  
  198  12:07  Starport  
  198  12:08  Fusion Core  
  200  12:25  Liberator  
  195  12:39  Ghost Academy  
  198  12:44  Starport Reactor, Starport Tech Lab  
  198  12:46  Liberator x2  
  198  12:55  Sensor Tower  
  198  13:04  Advanced Ballistics  
  196  13:07  Orbital Command  
  196  13:18  Marauder x2  
  199  13:33  Missile Turret  
  192  13:54  Missile Turret  
  191  13:59  Liberator x3  
  191  14:00  Liberator  
  172  14:06  Marine x2  
  172  14:07  Marine x2  
  172  14:08  Marauder x2  
  150  14:13  Marine x2  
  150  14:15  Siege Tank x2  
  167  14:18  Ghost x2  
  167  14:23  Ghost Academy  
  167  14:24  Ghost Academy x2  
  174  14:25  Ghost Academy  
  174  14:27  Terran Ship Weapons Level 1  
  174  14:28  Ghost, Terran Vehicle And Ship Armor Level 3  
  174  14:29  Corvid Reactor  
  174  14:31  Nuke  
  176  14:42  Command Center  
  176  14:45  Medivac  
  162  15:10  Ghost x2  
  162  15:12  Medivac x2  
  140  15:15  Liberator  
  140  15:17  Marauder x2, Medivac x2  
  148  15:33  Marine x4  
  153  15:45  Nuke x4  
  152  15:53  Marine x2  
  152  15:54  Marauder x2  
  158  15:57  Refinery  
  158  15:58  Planetary Fortress  
  158  15:59  Refinery  
  158  16:05  Liberator  
  149  16:12  Marine x2  
  149  16:14  Ghost x3  
  149  16:15  Siege Tank  
  149  16:16  Siege Tank  
  163  16:32  Planetary Fortress  
  163  16:33  Marine, Missile Turret  
  163  16:34  Marine x2  
  163  16:35  Marauder  
  168  16:42  Command Center  
  168  16:43  Marauder  
  146  16:47  Command Center  
  146  16:48  Command Center  
  146  16:51  Marine x2  
  146  16:52  Marauder x2  
  145  16:54  Missile Turret  
  145  16:59  Marine x2  
  145  17:00  Marauder  
  127  17:02  Liberator x2  
  105  17:15  Marine  
  94  17:17  Marine x2  
  94  17:19  Marauder x2  
  94  17:20  Marine x3  
  94  17:21  Marine x4  
  87  17:33  Marine  
  87  17:34  Marine  
  87  17:35  Marine, Siege Tank x2  
  95  17:38  Marine x2  
  95  17:43  Marine  
  95  17:44  Marine  
  90  17:47  Marine x2  
  80  17:52  Marine x3  
  80  17:53  Marine x2  
Show
View Real Time Build Order
Export as new Build Order

lIlIlIlIlIlI Zerg - Winner!

Build Orders: Hatch First 

Get SALT Encoding   

  12  0:01  Drone  
  13  0:13  Overlord  
  13  0:18  Drone  
  14  0:31  Drone x2  
  16  0:36  Drone  
  17  0:53  Hatchery  
  17  0:56  Drone  
  17  0:59  Drone  
  18  1:10  Extractor  
  17  1:14  Spawning Pool  
  17  1:16  Drone  
  17  1:20  Drone  
  18  1:29  Drone  
  19  1:39  Overlord  
  19  1:50  Drone  
  20  2:00  Queen  
  22  2:01  Drone  
  23  2:10  Queen  
  23  2:12  Zergling x2  
  23  2:14  Zergling x2  
  27  2:16  Metabolic Boost  
  27  2:21  Drone  
  28  2:32  Hatchery  
  28  2:36  Drone  
  27  2:42  Drone x2  
  29  2:45  Drone  
  30  2:56  Drone x2  
  33  2:58  Drone x2  
  33  3:01  Queen  
  33  3:05  Overlord  
  36  3:24  Drone x5  
  36  3:26  Queen  
  43  3:29  Zergling x2  
  44  3:36  Overlord  
  44  3:39  Roach Warren  
  43  3:44  Queen  
  43  3:48  Evolution Chamber  
  44  3:53  Drone x2  
  44  3:54  Drone x2  
  48  3:59  Drone  
  48  4:06  Queen  
  48  4:07  Drone  
  48  4:08  Drone x2  
  53  4:12  Queen  
  53  4:14  Spore Crawler  
  54  4:20  Zerg Ground Armor Level 1, Spore Crawler  
  53  4:26  Drone x3, Extractor  
  53  4:30  Overlord  
  55  4:36  Roach  
  57  4:43  Overlord  
  57  4:48  Roach x4  
  65  4:56  Drone  
  65  4:58  Overlord  
  66  5:03  Drone x8  
  74  5:10  Extractor  
  74  5:11  Lair  
  73  5:14  Drone  
  73  5:16  Overlord  
  73  5:17  Drone x3  
  73  5:18  Drone  
  79  5:21  Drone  
  79  5:22  Drone  
  76  5:32  Drone  
  73  5:38  Drone  
  73  5:39  Drone x6  
  73  5:45  Drone  
  73  5:46  Drone  
  72  5:52  Drone x2  
  72  5:55  Drone  
  72  5:56  Drone  
  70  5:59  Overlord  
  70  6:03  Drone  
  70  6:04  Drone x2  
  72  6:06  Drone  
  72  6:07  Drone  
  72  6:09  Glial Reconstitution  
  72  6:11  Drone  
  76  6:17  Drone x4  
  76  6:18  Drone  
  81  6:21  Drone  
  82  6:25  Drone  
  82  6:26  Drone x3, Infestation Pit  
  82  6:28  Drone  
  86  6:39  Evolution Chamber  
  85  6:45  Overlord  
  85  6:46  Zerg Ground Armor Level 2  
  81  6:52  Drone x9  
  90  6:57  Overlord x2, Extractor x2  
  90  6:58  Overlord  
  90  6:59  Overlord  
  88  7:03  Hive  
  88  7:04  Extractor  
  87  7:19  Drone x3  
  90  7:22  Spine Crawler  
  90  7:23  Zerg Melee Weapons Level 1  
  90  7:25  Roach  
  90  7:26  Roach x2  
  90  7:28  Hatchery  
  94  7:39  Roach x6  
  106  7:50  Spore Crawler  
  105  7:52  Pathogen Glands  
  105  7:55  Zergling x18  
  105  7:56  Zergling x2  
  115  8:13  Overlord  
  115  8:30  Ultralisk Cavern, Infestor  
  115  8:34  Drone x14  
  127  8:45  Overlord  
  124  8:53  Infestor x2  
  124  9:02  Spine Crawler  
  124  9:03  Spine Crawler  
  124  9:06  Zerg Ground Armor Level 3  
  124  9:09  Spore Crawler  
  121  9:12  Roach  
  121  9:13  Roach x8, Zergling x4  
  141  9:19  Extractor x2  
  141  9:22  Drone x3  
  142  9:26  Overlord  
  142  9:27  Overlord x4, Spawning Pool, Chitinous Plating  
  139  10:00  Drone x3  
  139  10:01  Ultralisk x3  
  139  10:02  Zerg Melee Weapons Level 2  
  154  10:18  Drone x3  
  154  10:19  Drone  
  156  10:22  Spore Crawler  
  156  10:25  Ultralisk x2, Spore Crawler  
  156  10:26  Zergling x22  
  156  10:28  Spore Crawler  
  175  10:33  Drone  
  175  10:34  Overlord  
  176  10:43  Adrenal Glands  
  176  10:46  Anabolic Synthesis  
  176  10:58  Ultralisk  
  176  11:00  Overlord x2  
  176  11:01  Overlord  
  182  11:07  Spine Crawler  
  180  11:22  Ultralisk x3  
  193  11:34  Hatchery  
  193  11:37  Drone  
  193  11:39  Drone x5  
  197  11:44  Zerg Missile Weapons Level 1, Spore Crawler  
  197  11:46  Zergling x6  
  199  11:49  Baneling Nest  
  198  12:15  Drone  
  198  12:20  Infestor x3  
  199  12:28  Extractor x2  
  197  12:36  Spire  
  197  12:37  Zerg Melee Weapons Level 3  
  196  12:46  Burrow  
  194  13:17  Drone x2  
  194  13:18  Drone  
  195  13:23  Drone x3  
  195  13:24  Drone x3  
  195  13:44  Centrifical Hooks  
  195  13:50  Zerg Flyer Armor Level 1, Spire  
  176  14:16  Infestor x2  
  178  14:17  Ultralisk  
  178  14:18  Ultralisk x2, Zergling x2  
  180  15:12  Corruptor x3  
  180  15:13  Corruptor x6  
  176  15:15  Ultralisk x3  
  176  15:16  Zergling x6  
  176  15:19  Overlord x2  
  197  15:37  Zerg Missile Weapons Level 2  
  197  15:55  Greater Spire  
  197  15:56  Zerg Flyer Weapons Level 1  
  196  16:03  Zergling x10  
  189  16:21  Corruptor x8  
  199  16:25  Baneling  
  199  16:26  Baneling x9  
  191  16:53  Zergling x26  
  191  16:54  Zergling x18  
  200  16:58  Ultralisk, Zergling x8  
  195  17:08  Ultralisk x3, Zergling x4  
  192  17:09  Zergling x8  
  188  17:20  Ultralisk x2  
  188  17:21  Zergling x6  
  180  17:31  Ultralisk x3  
  180  17:32  Zergling x12  
  194  17:41  Zergling x2  
  198  17:47  Brood Lord  
  198  17:48  Brood Lord  
Tags
 
Add a new tag
Caveats
  • Supply blocks, unpowered buildings, or Contaminate may cause inaccurate times.
  • Supply counts are checked every 10 seconds.